 Dungeon Crawl Stone Soup version 0.29-a0-322-g68df515428 (webtiles) character file.

Game seed: 10483904552535689191

8 HotDog the Ducker (level 2, 29/29 HPs)
             Began as a Troll Fighter on Apr 7, 2022.
             Quit the game on level 1 of the Dungeon.
             The game lasted 00:00:42 (282 turns).

HotDog the Ducker (Troll Fighter)                    Turns: 282, Time: 00:00:42

Health: 29/29      AC:  4    Str: 23    XL:     2   Next: 0%
Magic:  1/1        EV:  8    Int:  4    God:
Gold:   23         SH:  7    Dex:  9    Spells: 1/1 levels left

rFire   . . .      SeeInvis .   a - +0 flail
rCold   . . .      Faith    .   c - +0 kite shield
rNeg    . . .      Spirit   .   b - +0 robe
rPois   .          Reflect  .   (helmet restricted)
rElec   .          Harm     .   (no cloak)
rCorr   .          Rampage  .   (gloves unavailable)
Will    .....                   (boots unavailable)
Stlth   +.........              (no amulet)
HPRegen 0.89/turn               (no ring)
MPRegen 0.07/turn               (no ring)

@: no status effects
A: large, unfitting armour, claws 3, regeneration 1, shaggy fur 1, tough skin 1
a: no special abilities


You were on level 1 of the Dungeon.
You visited 1 branch of the dungeon, and saw 1 of its levels.

You collected 23 gold pieces.

Inventory:

Hand Weapons
 a - a +0 flail (weapon)
Armour
 b - a +0 robe (worn)
 c - a +0 kite shield (worn)
 h - a +0 pair of boots
Scrolls
 e - a scroll of identify {unknown}
Potions
 d - a potion of might
 f - a potion of haste {unknown}
 g - a potion of magic {unknown}


   Skills:
 * Level 2.5 Fighting
 * Level 1.8 Maces & Flails
 * Level 2.6 Dodging
 * Level 2.5 Shields


You had one spell level left.
You didn't know any spells.
Your spell library was empty.

Dungeon Overview and Level Annotations

Branches:
Dungeon (1/15)

Altars:


Innate Abilities, Weirdness & Mutations

You are too large for most types of armour.
You have claws for hands.
Your natural rate of healing is unusually fast.
You are covered in fur. (AC +1)
You have tough skin. (AC +1)


Message History

You block the jackal's attack. The jackal barely misses you.
You hit the jackal but do no damage.
The jackal is moderately wounded.
The jackal barely misses you. x2
You thump the jackal!
You kill the jackal!
You block the rat's attack.
You closely miss the rat. The rat bites you.
You sock the rat!
You kill the rat!
You have reached level 2!
Things that are here:
a jackal corpse; a jackal corpse You now have 23 gold pieces (gained 10).
You see here a jackal corpse.
f - a red potion
Found a pair of boots.
You see here a +0 pair of boots.
g - a purple potion
Found a dagger.
No target in view!
You see here a +0 pair of boots.
h - a +0 pair of boots You can't go up here!
Unknown command.
i - 2 fizzy black potions Unknown command.
You drop 2 fizzy black potions.
Found 15 stones.
You see here a +0 dagger.
You see here 15 stones.
As you open the door, it creaks loudly!
You hear a shout! x2
A hobgoblin comes into view.
A goblin comes into view. It is wielding a +0 dagger.
Found a scroll labelled MASIEMUPAI.
Okay, then.
Okay, then.
Unknown command.
There is an open door here.
Are you sure you want to abandon this character and quit the game? (Confirm with "yes".)

##...>+.....
#...8...8...#....#.....
+.....?.....+ #..#..
#...8gg.8...# #..#..
#.#.....#.# #..#..
#.8...8.# ##.##.
#.....# #.... #...#
#.#.. #@# #.#.#
##.####### #.#.#
#......... #.#.#
#.######## #.#.# #.#
#.#.# #.# #.#.. #.#
#.### #.# #.# #.# #.###


You could see a hobgoblin and a goblin.

Vanquished Creatures
  4 jackals (D:1)
  A quokka (D:1)
  A frilled lizard (D:1)
  A rat (D:1)
7 creatures vanquished.

Notes
Turn   | Place    | Note
-------+----------+-------------------------------------------
     0 | D:1      | HotDog the Troll Fighter began the quest for the Orb.
     0 | D:1      | Reached XP level 1. HP: 22/22 MP: 0/0
   116 | D:1      | Reached XP level 2. HP: 27/29 MP: 1/1
   282 | D:1      | Quit the game

Illustrated notes

Levels and vault maps discovered:
D:1:      giann_bridges, layout_basic, palyth_stone_intersect, dk_noncrumbling_3

Action                   || total
-------------------------++-------
Melee: Flail             ||    34
Armor: Robe              ||    26
Dodge: Dodged            ||    28
Block: Kite shield       ||    17

Table legend: (Time is in decaauts)
 A = Elapsed time spent in this place.
 B = Non-inter-level travel time spent in this place.
 C = Inter-level travel time spent in this place.
 D = Time resting spent in this place.
 E = Time spent auto-exploring this place.
 F = Levels seen in this place.
 G = Mean time per level.
                   A        B        C        D        E       F      G
               +--------+--------+--------+--------+--------+-----+--------+
         Total |    296 |    277 |     19 |      0 |    192 |   1 |  296.0 |
       Dungeon |    296 |    277 |     19 |      0 |    192 |   1 |  296.0 |
               +--------+--------+--------+--------+--------+-----+--------+

Top non-repeatable levels by time:
     D:1: 296 daAuts
